 Dungeon Crawl Stone Soup version 0.18-a0-1323-g706dcef (webtiles) character file.

50 Azragoth the Slasher (level 3, 0/22 HPs)
             Began as a Gargoyle Gladiator on Feb 15, 2016.
             Slain by a worm (8 damage)
             ... on level 2 of the Dungeon.
             The game lasted 00:09:58 (1884 turns).

Azragoth the Slasher (Gargoyle Gladiator)           Turns: 1884, Time: 00:09:58

Health: 0/22       AC:  7    Str: 19    XL:     3   Next: 79%
Magic:  3/3        EV: 12    Int:  8    God:
Gold:   78         SH:  0    Dex: 10    Spells: 0 memorised, 2 levels left

rFire  . . .     SeeInvis .     i - +2 mace (crush)
rCold  . . .     Gourm    .     b - +0 leather armour
rNeg   + . .     Faith    .     (no shield)
rPois  ∞         Spirit   .     c - +0 helmet
rElec  +         Dismiss  .     (no cloak)
rCorr  .         Reflect  .     (no gloves)
SustAt .         Harm     .     (no boots)
MR     .....                    (no amulet)
Stlth  +.........               (no ring)
                                (no ring)

@: not resistant to hostile enchantments, very unstealthy
A: negative energy resistance 1, electricity resistance, unbreathing,
petrification resistance, rot immunity, AC +3
a: no special abilities


You were on level 2 of the Dungeon.
You were hungry.

You visited 1 branch of the dungeon, and saw 2 of its levels.

You collected 78 gold pieces.

Inventory:

Hand Weapons
 a - a +0 long sword
 e - a +0 short sword
 i - a +2 mace of crushing (weapon)
Missiles
 d - 3 throwing nets (quivered)
Armour
 b - a +0 leather armour (worn)
 c - a +0 helmet (worn)
 r - a +0 pair of gloves
Scrolls
 g - a scroll of immolation {unknown}
 j - 2 scrolls of identify {unknown}
 k - a scroll of remove curse {unknown}
 l - 3 scrolls of enchant weapon {unknown}
 o - a scroll of recharging {unknown}
 p - a scroll of enchant armour {unknown}
 q - 3 scrolls of fog {unknown}
Potions
 m - 2 potions of curing {unknown}
 n - 2 potions of ambrosia {unknown}
Comestibles
 f - 3 bread rations
 h - a meat ration


   Skills:
 + Level 2.6 Fighting
 + Level 3.2 Long Blades
 + Level 0.4 Maces & Flails
 + Level 1.7 Throwing
 + Level 0.7 Armour
 + Level 3.0 Dodging


You had 2 spell levels left.
You didn't know any spells.

Dungeon Overview and Level Annotations

Branches:
Dungeon (2/15)

Altars:
Fedhas
Kikubaaqudgha


Innate Abilities, Weirdness & Mutations

You are resistant to torment.
Your stone body is resilient (AC +3).
You are immune to poison.
You resist negative energy.
You are resistant to electric shocks.
You can survive without breathing.
You are immune to petrification.
You are immune to rotting.


Message History

A worm comes into view.
f - 3 bread rations (gained 1)
Found a hand axe.
h - a meat ration You see here a hand axe.
You are feeling hungry.
The worm closely misses you.
You hit the worm but do no damage. The worm bites you!
You hit the worm.
The worm is lightly wounded.
You hit the worm but do no damage.
The worm is lightly wounded.
The worm bites you but does no damage.
You sock the worm!
The worm is almost dead.
The worm bites you!
You completely miss the worm.
The worm is severely wounded.
The worm bites you!
You die...

### ### ### #.#########.#######.#
#.).......#.........#
#.#######.#.#######.# #.#
#......#..#.#
#.##########.#.#..#.#
#.............@w..#.#
###########....#.##.# ####
#####....#.##.# #...
#########........#.##.########...
.............................'((.
#.#######.#.#....#.##........#...
........#.#.#....#.#########.#...
#######.#.#.#....#.# #...#.#...
####.#..<#....#.#####.#.#.####


You could see a worm.

Vanquished Creatures
  An ooze (D:1)
  2 worms (D:2)
  A ball python (D:1)
  4 bats
  5 giant cockroaches (D:1)
  2 goblins (D:1)
  8 hobgoblins
  2 jackals (D:2)
  3 giant newts
  4 kobolds
  5 rats
  4 withered plants (D:2)
41 creatures vanquished.

Notes
Turn   | Place    | Note
--------------------------------------------------------------
     0 | D:1      | Azragoth the Gargoyle Gladiator began the quest for the Orb.
     0 | D:1      | Reached XP level 1. HP: 12/12 MP: 1/1
    44 | D:1      | Reached XP level 2. HP: 12/18 MP: 2/2
    56 | D:1      | Reached skill level 3 in Long Blades
   407 | D:1      | Reached XP level 3. HP: 15/22 MP: 3/3
   873 | D:2      | Found a blossoming altar of Fedhas.
   876 | D:2      | Found an ancient bone altar of Kikubaaqudgha.
  1884 | D:2      | Slain by a worm

Vault maps used:
D:1:      lightli_arrival_flooded_house
D:2:      grunt_temple_overflow_growth_and_decay, first_bread

Action                   || total
-------------------------++-------
Melee: Long sword        ||    23
       Mace              ||   178
  Eat: Chunk             ||     3
